 Dungeon Crawl Stone Soup version 0.23-b1-84-g6588a6b (webtiles) character file.

Game seed: 6724457804159037777

239 sighowe the Grave Robber (level 5, -10/40 HPs)
             Began as a Deep Dwarf Necromancer on Feb 10, 2019.
             Mangled by an ogre
             ... wielding a +0 giant club
              (17 damage)
             ... on level 4 of the Dungeon.
             The game lasted 00:13:59 (5084 turns).

sighowe the Grave Robber (Deep Dwarf Necromancer)   Turns: 5084, Time: 00:14:00

Health: -10/40     AC:  8    Str: 14    XL:     5   Next: 79%
Magic:  2/8        EV: 13    Int: 17    God:
Gold:   69         SH:  0    Dex: 15    Spells: 3/8 levels left

rFire    x . .     SeeInvis .   e - +0 short sword
rCold    + . .     Gourm    .   (no shield)
rNeg     . . .     Faith    .   a - +2 robe
rPois    .         Spirit   .   i - +2 hat
rElec    .         Reflect  .   n - +0 cloak
rCorr    .         Harm     .   (no gloves)
MR       .....                  (no boots)
Stlth    ++........             (no amulet)
HPRegen  0.00/turn              b - ring of ice
MPRegen  0.11/turn              h - +3 ring of strength

@: non-regenerating
A: damage resistance, heal wounds, talons 1, agile 1, frail 1, sense
surroundings 1, shaggy fur 1, no regeneration
a: Heal Wounds


You were on level 4 of the Dungeon.
You were hungry.

You visited 1 branch of the dungeon, and saw 4 of its levels.

You collected 69 gold pieces.

Inventory:

Hand Weapons
 e - a +0 short sword (weapon)
Missiles
 j - 16 arrows
Armour
 a - a +2 robe (worn)
 i - a +2 hat (worn)
 n - a +0 cloak (worn)
Jewellery
 b - a ring of ice (left hand)
 h - a +3 ring of strength (right hand)
Scrolls
 d - a scroll of remove curse
 f - 4 scrolls of identify {unknown}
 k - a scroll of fog
 l - a scroll of enchant weapon {unknown}
 o - 2 scrolls of teleportation
Potions
 g - 2 potions of curing
 m - a potion of haste
Comestibles
 c - 6 rations
 p - a chunk of flesh


   Skills:
 * Level 2.0 Fighting
 + Level 1.0 Short Blades
 * Level 1.4 Throwing
 * Level 1.9 Armour
 * Level 3.1 Dodging
 * Level 3.6 Stealth
 * Level 2.4 Spellcasting
 + Level 4.8 Necromancy


You had 3 spell levels left.
You knew the following spells:

 Your Spells              Type           Power        Failure   Level  Hunger
a - Pain                  Necr           ###.         2%          1    #......
b - Animate Skeleton      Necr           N/A          2%          1    #......
c - Vampiric Draining     Necr           ###.......   8%          3    ###....

Your spell library contained the following spells:

 Spells                   Type           Power        Failure   Level  Hunger
 Animate Dead             Necr           N/A          26%         4    #####..
 Regeneration             Chrm/Necr      Unusable     N/A         3    N/A

Dungeon Overview and Level Annotations

Branches:
Dungeon (4/15)
 Temple: D:4-7

Altars:
Gozag
Nemelex Xobeh


Innate Abilities, Weirdness & Mutations

You are resistant to damage.
You can heal yourself by infusing magical energy.
You passively map a small area around you.
You do not regenerate.
You have sharp toenails.
You are agile. (Dex +2)
You are frail. (-10% HP)
You are covered in fur. (AC +1)


Message History

Press: ? - help, Shift-Dir - straight line, f/p - ogre
Aim: an ogre, wielding a +0 giant club (moderately wounded)
The ogre is severely wounded.
You feel life coursing into your body.
You are feeling hungry.
The ogre hits you with a +0 giant club!!
Ouch! That really hurt!
* * * LOW HITPOINT WARNING * * *
You hear a shout!
Casting: Vampiric Draining (safe; 8% risk of failure)
Confirm with . or Enter, or press ? or * to list all spells.
You don't know that spell.
Casting: Vampiric Draining (safe; 8% risk of failure)
Confirm with . or Enter, or press ? or * to list all spells.
Aiming: Pain (safe; 2% risk of failure)
Press: ? - help, Shift-Dir - straight line, f/p - ogre
Aim: an ogre, wielding a +0 giant club (severely wounded, chance to defeat MR: 78%)
The ogre writhes in agony.
The ogre hits you with a +0 giant club!!
You die...

....##..# ##..##
........# #....# *
........# ##<.# ,* ,
##......## ##.### * ,,
* #.......###.## ,
##..........# *
##.........## ** #
##..........########..#
.....######..##.@O....#
##.### ##.....##...#
##.## #.....## ..#
....# ##>.....# ,.#
##..#######...##.....
.#
##..##.†..######.....
.# #..#..##### *...##*
# #.###.## ....# .#
#.#* *,, ##.# *


You could see an ogre.

Vanquished Creatures
  An iguana (D:4)
  A hound skeleton (D:4)
  6 adders
  An ooze (D:1)
  3 worms (D:3)
  3 dart slugs
  A leopard gecko (D:2)
  4 orcs (D:3)
  11 bats
  7 giant cockroaches
  12 goblins
  10 hobgoblins
  6 jackals
  2 quokkas
  2 ball pythons
  5 frilled lizards
  5 kobolds (D:1)
  9 rats
89 creatures vanquished.

Vanquished Creatures (collateral kills)
  A bullfrog skeleton (D:4)
  2 giant cockroaches (D:2)
  A jackal (D:2)
  A frilled lizard (D:4)
5 creatures vanquished.

Grand Total: 94 creatures vanquished

Notes
Turn   | Place    | Note
-------+----------+-------------------------------------------
     0 | D:1      | sighowe the Deep Dwarf Necromancer began the quest for the
                  | Orb.
     0 | D:1      | Reached XP level 1. HP: 15/15 MP: 3/3
   371 | D:1      | Learned a level 1 spell: Animate Skeleton
   728 | D:1      | Reached XP level 2. HP: 20/22 MP: 0/4
  1513 | D:1      | Reached XP level 3. HP: 18/30 MP: 1/5
  2084 | D:1      | Learned a level 3 spell: Vampiric Draining
  2297 | D:1      | Reached skill level 1 in Fighting
  2993 | D:2      | Reached XP level 4. HP: 33/38 MP: 1/7
  3135 | D:2      | Reached skill level 1 in Armour
  3600 | D:2      | Reached skill level 1 in Throwing
  3712 | D:2      | Gained mutation: You are frail. (-10% HP) [potion of
                  | mutation]
  3712 | D:2      | Gained mutation: You are covered in fur. (AC +1) [potion of
                  | mutation]
  3712 | D:2      | Gained mutation: You have sharp toenails. [potion of
                  | mutation]
  3712 | D:2      | Gained mutation: You are agile. (Dex +2) [potion of
                  | mutation]
  3986 | D:3      | Found an opulent altar of Gozag.
  4107 | D:3      | Reached XP level 5. HP: 38/39 MP: 1/8
  4194 | D:3      | Found a sparkling altar of Nemelex Xobeh.
  5014 | D:4      | Reached skill level 1 in Short Blades
  5079 | D:4      | Noticed an ogre
  5084 | D:4      | Mangled by an ogre

Skill      XL: |  1  2  3  4  5 |
---------------+----------------+-----
Spellcasting   | 2 |  2.4
Fighting       | 1 2 |  2.0
Stealth        | 3 |  3.6
Armour         | 1 |  1.9
Throwing       | 1 |  1.4
Dodging        | 3 |  3.1
Short Blades   | 1 |  1.0
Necromancy     | |  4.8

Action                   |  1- 3 |  4- 6 || total
-------------------------+-------+-------++-------
Melee: Short sword       |    45 |    88 ||   133
       Kick              |       |    15 ||    15
 Cast: Pain              |    64 |    72 ||   136
       Animate Skeleton  |     2 |     4 ||     6
       Vampiric Draining |     6 |     4 ||    10
  Use: Scroll            |     2 |     3 ||     5
       Potion            |     2 |     3 ||     5
 Stab: Distracted        |     1 |     1 ||     2
       Sleeping          |       |     1 ||     1
  Eat: Chunk             |     8 |     8 ||    16
Armor: Robe              |    13 |    38 ||    51
Dodge: Dodged            |    52 |    87 ||   139
